 Dungeon Crawl Stone Soup version 0.20.1-1-g8b1a95d (webtiles) character file.

165 MotkuSTRKR the Conjurer (level 5, -4/28 HPs)
             Began as a Deep Elf Conjurer on July 29, 2017.
             Slain by Grinder (7 damage)
             ... while paralysed by Grinder
             ... on level 3 of the Dungeon.
             The game lasted 00:05:53 (2139 turns).

MotkuSTRKR the Conjurer (Deep Elf Conjurer)         Turns: 2139, Time: 00:05:54

Health: -4/28      AC:  2    Str:  5    XL:     5   Next: 22%
Magic:  3/14       EV:  2    Int: 21    God:
Gold:   144        SH:  0    Dex: 15    Spells: 3/13 levels left

rFire    . . .     SeeInvis .   (no weapon)
rCold    . . .     Gourm    .   (no shield)
rNeg     . . .     Faith    .   a - +0 robe
rPois    .         Spirit   .   (no helmet)
rElec    .         Reflect  .   (no cloak)
rCorr    .         Harm     .   (no gloves)
MR       .....                  (no boots)
Stlth    ++........             (no amulet)
Regen    0.1/turn               (no ring)
MPRegen  0.2/turn               (no ring)

@: paralysed, very slightly contaminated
A: no striking features
a: no special abilities


You were on level 3 of the Dungeon.
You were not hungry.

You visited 1 branch of the dungeon, and saw 4 of its levels.

You collected 144 gold pieces.

Inventory:

Hand Weapons
 d - a +0 dagger
Missiles
 n - 3 curare-tipped needles
Armour
 a - a +0 robe (worn)
 f - a +1 leather armour of cold resistance
Scrolls
 j - a scroll of blinking {unknown}
 l - 3 scrolls of identify {unknown}
 m - a scroll of fear {unknown}
 p - a scroll of amnesia {unknown}
 t - a scroll of remove curse {unknown}
Potions
 e - a potion of berserk rage {unknown}
 g - 3 potions of might {unknown}
 h - a potion of curing {unknown}
 k - a potion of lignification {unknown}
 q - 2 potions of brilliance {unknown}
 s - a potion of agility {unknown}
 u - a potion of degeneration {unknown}
Books
 b - a book of Conjurations

   Spells                             Type                      Level
   a - Magic Dart                     Conjuration                  1
   b - Searing Ray                    Conjuration                  2
   c - Dazzling Spray                 Conjuration/Hexes            3
   d - Fulminant Prism                Conjuration/Hexes            4
   e - Force Lance                    Conjuration/Translocation    4
   f - Iskenderun's Mystic Blast      Conjuration                  4
Comestibles
 c - 3 bread rations
 i - a meat ration
 o - 4 fruits


   Skills:
 + Level 2.4 Dodging
 + Level 2.4 Stealth
 + Level 4.8 Spellcasting
 * Level 6.4 Conjurations
 + Level 0.0 Hexes


You had 3 spell levels left.
You knew the following spells:

 Your Spells              Type           Power        Failure   Level  Hunger
a - Fulminant Prism       Conj/Hex       ###.......   28%         4    ####...
b - Searing Ray           Conj           ####..       1%          2    None
c - Dazzling Spray        Conj/Hex       ###...       9%          3    ##.....
f - Magic Dart            Conj           ####         1%          1    None


Dungeon Overview and Level Annotations

Branches:
Dungeon (4/15)
 Temple: D:4-7

Altars:

Annotations:
D:3 Grinder


Message History

Casting: Magic Dart
Confirm with . or Enter, or press ? or * to list all spells.
Okay, then.
Casting: Magic Dart
Confirm with . or Enter, or press ? or * to list all spells.
Aiming: Fulminant Prism
Press: ? - help, Dir - move target cursor, p - Grinder You miscast Fulminant Prism.
You are very lightly contaminated with residual magic.
Nothing appears to happen.
Grinder is no longer blind.
Grinder gestures at you.
You suddenly lose the ability to move!
Grinder gestures at you.
You shrug off the repeated paralysis!
Grinder hits you!
* * * LOW HITPOINT WARNING * * *
You writhe in agony.
* * * LOW HITPOINT WARNING * * *
Grinder hits you!
You die...

... .......... ..# #...........
#.# #..).......# #%. ..!.........
#.# #.#.)..%.... # #.#
#.#.....†..# #
####.###.#........# # #.
#.......@5...># #.### # #..
#.####.####.### #.... # #(# #.#
#.# #.# #.#.# # #.# #.# #.# #.#
#.#.# # #.# #.# #.# #)# #.#.# ##
#.###.# #.# #.# #.#.# .####.....#
#.# #.#####.#.##### ......###.#
#.# #.##..........#
.####.....####.####.##<......##.#


You could see Grinder.

Vanquished Creatures
  An ogre (D:3)
  3 adders
  2 worms (D:2)
  2 leopard geckos
  3 orcs (D:3)
  7 bats (D:2)
  2 goblins
  3 hobgoblins (D:2)
  5 jackals
  6 frilled lizards
  4 kobolds
  8 rats
46 creatures vanquished.

Vanquished Creatures (others)
  A fulminant prism (D:3)
1 creature vanquished.

Grand Total: 47 creatures vanquished

Notes
Turn   | Place    | Note
-------+----------+-------------------------------------------
     0 | D:1      | MotkuSTRKR the Deep Elf Conjurer began the quest for the Orb.
     0 | D:1      | Reached XP level 1. HP: 10/10 MP: 6/6
     2 | D:1      | Noticed a vine stalker
     2 | D:1      | Noticed a demonspawn
     4 | D:1      | Noticed a minotaur
     4 | D:1      | Noticed a merfolk
     6 | D:1      | Noticed a demigod
     8 | D:1      | Noticed a naga
     8 | D:1      | Noticed a spriggan
    10 | D:1      | Noticed an elf
    10 | D:1      | Noticed a halfling
    12 | D:1      | Noticed a formicid
    14 | D:1      | Noticed a tengu
    14 | D:1      | Noticed a ghoul
    16 | D:1      | Noticed a dwarf
    16 | D:1      | Noticed an octopode
    18 | D:1      | Noticed a gargoyle
    20 | D:1      | Noticed a human
    20 | D:1      | Noticed an ogre
    22 | D:1      | Noticed a troll
    24 | D:1      | Noticed a draconian
    24 | D:1      | Noticed a centaur
    26 | D:1      | Noticed a felid
    26 | D:1      | Noticed a vampire
   532 | D:2      | Reached XP level 2. HP: 15/15 MP: 2/8
   536 | D:2      | Learned a level 2 spell: Searing Ray
   736 | D:2      | Reached skill level 5 in Conjurations
   884 | D:2      | Reached XP level 3. HP: 19/19 MP: 3/10
  1261 | D:2      | Learned a level 3 spell: Dazzling Spray
  1456 | D:3      | Found a faded altar of an unknown god.
  1481 | D:3      | Noticed Grinder
  1661 | D:3      | Noticed an ogre
  1819 | D:3      | Killed an ogre
  1819 | D:3      | Reached skill level 6 in Conjurations
  1819 | D:3      | Reached XP level 4. HP: 22/24 MP: 4/12
  1819 | D:3      | Reached XP level 5. HP: 26/28 MP: 4/14
  1881 | D:3      | Learned a level 4 spell: Fulminant Prism
  2135 | D:3      | Paralysed by Grinder for 7 turns
  2139 | D:3      | Slain by Grinder

Skill      XL: |  1  2  3 |
---------------+----------+-----
Conjurations   | 5 6 |  6.4
Spellcasting   | 4 |  4.8
Dodging        | |  2.4
Stealth        | |  2.4

Action                   |  1- 3 |  4- 6 || total
-------------------------+-------+-------++-------
 Cast: Magic Dart        |    63 |    20 ||    83
       Searing Ray       |     5 |     1 ||     6
       Dazzling Spray    |     2 |     1 ||     3
       Fulminant Prism   |       |     1 ||     1
  Eat: Chunk             |     2 |     2 ||     4
Armor: Robe              |     2 |       ||     2
Dodge: Dodged            |    13 |     3 ||    16
